Map: Acid Plant LE

Players

soul

  • Race: Terran Terran
  • Spawn Location: 11:00

Bunny - Winner!

  • Race: Terran Terran
  • League: Diamond
  • Spawn Location: 5:00

Event: HomeStory Cup XVIII

VOD

Have the link to the VOD?

Description

Time

  • Played on: Nov. 23, 2018, 7:34 a.m.
  • Length: 10:06

All games in this series

Show
View Real Time Build Order
Export as new Build Order

soul Terran 

Build Orders: Reaper Expand, Banshee Rush 

Get SALT Encoding   

  12  0:00  SCV  
  13  0:13  SCV  
  14  0:17  Supply Depot  
  14  0:26  SCV  
  15  0:38  SCV  
  15  0:40  Barracks  
  16  0:45  Refinery  
  16  0:51  SCV  
  17  1:03  SCV  
  18  1:18  SCV  
  19  1:29  Reaper  
  19  1:30  Orbital Command  
  20  1:50  Command Center  
  20  1:55  SCV  
  20  2:00  Supply Depot  
  20  2:01  Marine  
  21  2:07  Factory  
  22  2:10  SCV  
  23  2:16  Refinery  
  23  2:22  SCV  
  24  2:23  Barracks Reactor  
  24  2:27  Bunker  
  24  2:34  SCV  
  25  2:46  SCV  
  26  2:52  Starport  
  26  2:53  Hellion  
  28  2:59  SCV  
  28  3:00  Marine x2  
  28  3:03  Orbital Command  
  31  3:11  SCV  
  32  3:14  Factory Tech Lab  
  32  3:18  Marine x2  
  34  3:23  SCV  
  35  3:31  SCV  
  36  3:35  SCV  
  36  3:36  Marine x2  
  36  3:39  Cloaking Field, Banshee  
  42  3:41  Factory Tech Lab  
  42  3:43  SCV  
  42  3:47  SCV  
  43  3:51  Supply Depot  
  43  3:54  Marine x2  
  43  3:55  SCV  
  46  4:09  Supply Depot  
  46  4:13  SCV x2  
  46  4:14  Supply Depot, Marine x2  
  50  4:22  Raven  
  52  4:25  SCV x2  
  54  4:33  Command Center  
  54  4:37  Cyclone, SCV x2  
  59  4:41  Marine x2  
  61  4:49  Supply Depot, SCV  
  61  4:52  SCV  
  63  4:54  Supply Depot  
  63  4:59  Marine  
  64  5:01  SCV  
  64  5:03  Refinery  
  64  5:04  Refinery, SCV  
  64  5:05  Banshee  
  69  5:13  SCV  
  70  5:20  SCV, Barracks  
  71  5:22  Barracks  
  71  5:25  SCV  
  71  5:27  Engineering Bay  
  72  5:29  Engineering Bay  
  72  5:30  Factory Tech Lab  
  72  5:31  Stimpack  
  72  5:33  SCV  
  74  5:37  SCV  
  75  5:46  SCV  
  75  5:48  Orbital Command  
  75  5:49  SCV  
  76  5:51  Barracks x2  
  76  5:55  Terran Infantry Weapons Level 1  
  76  5:58  Starport Reactor, Terran Infantry Armor Level 1, SCV  
  76  5:59  Marine  
  78  6:06  SCV  
  79  6:12  SCV  
  79  6:17  Marine, Orbital Command  
  79  6:18  Barracks Reactor, SCV  
  83  6:24  SCV  
  83  6:26  Siege Tank  
  83  6:30  SCV  
  86  6:34  Marine x3  
  86  6:36  SCV  
  90  6:42  SCV  
  90  6:43  Supply Depot, SCV  
  90  6:44  Supply Depot  
  94  6:48  SCV  
  94  6:49  Barracks Reactor  
  94  6:50  Barracks Reactor  
  94  6:51  Marine  
  94  6:52  Marine x2, Medivac  
  97  6:54  Medivac, SCV  
  97  6:58  SCV  
  101  7:02  Supply Depot x2  
  101  7:04  Siege Tank, SCV  
  103  7:09  Marine x2  
  103  7:10  Marine x2  
  103  7:11  Marine  
  103  7:15  SCV  
  109  7:22  Medivac  
  111  7:24  Medivac  
  111  7:27  Marine x2  
  111  7:28  Marine x3  
  111  7:29  Marine  
  119  7:30  Marine  
  119  7:32  Combat Shield  
  119  7:37  Marine, Siege Tank  
  112  7:38  Marine  
  97  7:45  Marine x2  
  97  7:46  Marine x3  
  97  7:47  Marine, SCV  
  97  7:48  Marine  
  97  7:52  Medivac  
  97  7:54  Medivac  
  97  7:55  Marine x2  
  97  7:57  SCV  
  95  8:03  Marine x2  
  95  8:04  Marine x3  
  95  8:05  Marine  
  91  8:06  Marine  
  91  8:09  SCV  
  86  8:12  Marine  
  86  8:13  Marine  
  86  8:14  Orbital Command  
  82  8:21  Marine x3  
  82  8:22  Marine x3, Medivac  
  82  8:24  Marine, Medivac  
  79  8:30  Marine  
  79  8:31  Marine  
  81  8:38  Marine x2  
  81  8:39  Marine  
  81  8:40  Marine x3  
  83  8:41  Marine, Siege Tank  
  83  8:45  SCV x3  
  89  8:48  Marine  
  89  8:49  Marine  
  86  8:56  Marine x2  
  86  8:57  Marine x2  
  86  8:58  Marine x2  
  86  8:59  Marine, SCV x2  
  86  9:00  SCV  
  96  9:07  Marine  
  96  9:09  Medivac  
  97  9:10  Marine  
  97  9:11  SCV  
  97  9:12  SCV x2  
  97  9:14  Marine x2, Siege Tank  
  97  9:16  Marine  
  107  9:17  Refinery  
  107  9:20  Marine  
  107  9:21  Marine  
  107  9:23  SCV  
  107  9:24  SCV x2  
  111  9:25  Marine x3  
  111  9:28  Marine  
  116  9:32  Marine  
  116  9:37  Supply Depot  
  116  9:38  Supply Depot  
  117  9:53  Supply Depot  
  117  9:54  Supply Depot  
Show
View Real Time Build Order
Export as new Build Order

Bunny Terran - Winner!

Build Orders: Gas First Reaper Expand, Reaper Expand 

Get SALT Encoding   

  12  0:00  SCV  
  13  0:13  SCV  
  14  0:17  Supply Depot  
  14  0:25  SCV  
  15  0:28  Refinery  
  15  0:38  SCV  
  16  0:44  Barracks  
  16  0:50  SCV  
  17  1:03  SCV  
  18  1:15  SCV  
  19  1:32  Reaper, Orbital Command  
  20  1:45  Command Center  
  20  1:57  SCV  
  20  2:00  Factory  
  21  2:06  Barracks Reactor  
  21  2:09  SCV  
  21  2:14  Supply Depot  
  22  2:19  Refinery  
  22  2:21  SCV  
  23  2:36  SCV  
  24  2:43  Factory Tech Lab, Marine x2  
  26  2:48  Starport, SCV  
  27  2:57  Orbital Command  
  27  3:00  SCV  
  27  3:01  Marine  
  30  3:08  Cyclone  
  30  3:12  SCV  
  33  3:13  Marine  
  33  3:19  Marine  
  35  3:22  SCV  
  35  3:24  SCV  
  35  3:25  Starport Tech Lab  
  36  3:34  Supply Depot, SCV  
  36  3:36  SCV  
  36  3:41  Hellion  
  39  3:49  Raven, SCV x2  
  39  3:53  Supply Depot  
  43  3:57  Bunker  
  43  4:01  SCV x2  
  45  4:10  Command Center  
  45  4:13  SCV x2  
  47  4:20  Siege Tank  
  50  4:25  SCV  
  50  4:26  SCV  
  51  4:36  Refinery  
  51  4:37  Refinery, SCV  
  51  4:38  SCV  
  53  4:45  Stimpack, Barracks x2  
  53  4:49  SCV  
  53  4:50  SCV  
  53  4:51  Starport Reactor  
  53  4:52  Marine  
  56  5:01  Siege Tank, SCV  
  56  5:02  SCV  
  56  5:05  Engineering Bay  
  58  5:15  Engineering Bay  
  58  5:16  SCV  
  58  5:17  SCV  
  60  5:22  Orbital Command  
  60  5:27  Marine  
  61  5:31  Missile Turret  
  61  5:34  Missile Turret  
  61  5:35  Barracks Reactor  
  61  5:40  Terran Infantry Weapons Level 1  
  61  5:41  Terran Infantry Armor Level 1  
  61  5:44  Marine x2  
  61  5:46  Marine  
  61  5:48  SCV x2  
  61  5:49  SCV  
  67  5:55  Siege Tank  
  70  5:57  Supply Depot  
  70  6:02  Marine x2  
  72  6:04  Marine  
  72  6:05  Medivac  
  72  6:06  Orbital Command  
  72  6:08  Medivac  
  77  6:13  Supply Depot  
  77  6:19  Marine, SCV x2  
  77  6:20  Marine x3  
  77  6:22  Marine  
  84  6:31  SCV  
  84  6:32  Supply Depot  
  85  6:35  Siege Tank, SCV x2  
  85  6:36  Supply Depot  
  85  6:37  Marine, Medivac  
  93  6:43  Supply Depot, Missile Turret  
  93  6:50  Combat Shield  
  93  6:54  Medivac, SCV x3  
  98  6:56  Marine x2  
  98  6:57  Marine  
  98  6:58  Marine x2  
  103  7:05  Barracks  
  103  7:06  SCV  
  103  7:07  Barracks  
  104  7:11  SCV x2  
  104  7:14  Marine x3  
  104  7:18  SCV  
  104  7:20  Viking  
  98  7:38  Siege Tank  
  92  7:45  Marine x4  
  92  7:50  SCV x3  
  95  7:51  Medivac  
  95  7:52  Medivac  
  95  7:56  Barracks Reactor x2  
  97  7:58  Supply Depot  
  97  8:00  Refinery x2  
  97  8:02  SCV x3  
  100  8:07  Barracks Reactor  
  100  8:08  Marine x2, Marauder  
  101  8:23  Siege Tank  
  101  8:24  SCV x3  
  101  8:26  Marine x2  
  99  8:29  Marine  
  99  8:34  Marine x2  
  100  8:35  Marine  
  100  8:39  SCV  
  100  8:40  SCV x2  
  106  8:42  Marine  
  106  8:43  Marine  
  106  8:44  Marine  
  106  8:47  Marine x3, Sensor Tower  
  112  8:52  Marine x3  
  108  8:55  Siege Tank  
  108  8:57  SCV x3  
  108  9:00  Marine  
  108  9:01  Marine x2  
  111  9:05  Marine x3  
  111  9:08  Armory, Supply Depot  
  111  9:09  Marine, SCV  
  116  9:10  Marine x2, SCV x2  
  116  9:14  Viking x2  
  124  9:18  Marine  
  124  9:21  Missile Turret  
  124  9:23  Missile Turret  
  125  9:29  Marine x8  
  133  9:32  Supply Depot  
  133  9:37  Supply Depot  
  133  9:39  Marine  
  133  9:40  Supply Depot x2  
  133  9:44  SCV x3  
Tags
 
Add a new tag
Caveats
  • Supply blocks, unpowered buildings, or Contaminate may cause inaccurate times.
  • Supply counts are checked every 10 seconds.